[Event "Titled Tuesday Blitz August 17 2021"]
[White "Quintiliano Pinto, Renato R."]
[Black "Idani, Pouya"]
[WhiteFideId "2117568"]
[BlackFideId "12510130"]
[WhiteElo "2439"]
[BlackElo "2610"]
[Result "1-0"]
[Round "08"]
[TimeControl "180+1"]
[Date "2021.08.17"]
[WhiteClock "0:00:13"]
[BlackClock "0:00:13"]

1. d4 Nf6 2. c4 e6 3. Nf3 c5 4. d5 d6 5. Nc3 g6 6. e4 Na6 7. h3 Nc7 8. Bg5 e5 9. Be2 Bg7 10. O-O h6 11. Be3 O-O 12. Nd2 Nh7 13. Kh1 f5 14. exf5 gxf5 15. f4 e4 16. Rg1 Bd4 17. Nf1 Bxe3 18. Nxe3 Qh4 19. Rf1 Qg3 20. Qd2 Rf7 21. Bh5 Rg7 22. Qf2 Nf6 23. Be2 Bd7 24. Rab1 Kh8 25. a3 Rag8 26. b4 b6 27. bxc5 dxc5 28. Qxg3 Rxg3 29. Ncd1 Nce8 30. Kh2 R3g7 31. Nc3 h5 32. a4 Rg3 33. Ncd1 Nd6 34. Ra1 a5 35. Rf2 h4 36. Bf1 Kg7 37. Rb2 Rb8 38. Rab1 Nc8 39. Ra2 Kf7 40. Ra3 Ke7 41. Nf2 Kd6 42. Nh1 Rg7 43. Ra2 Kc7 44. Nf2 Nd6 45. Nfd1 Bc8 46. Nc3 Bd7 47. Ne2 Rbg8 48. Rab2 Nc8 49. Ra2 Nh5 50. Nc3 Rg3 51. d6+ Kb7 52. Ncd5 Bc6 53. Rab2 Bxd5 54. Nxd5 Nf6 55. Nxf6 Rd8 56. d7 Na7 57. Rxb6+ Kc7 58. Ra6 Nc6 59. Nd5+ Kxd7 60. Rbb6 Kd6 61. Rxc6+ Kd7 62. Rd6+ Ke8 63. Rxd8+ Kxd8 64. Rxa5 Ra3 65. Rxc5 e3 66. Nxe3 Ra1 67. Rxf5 Re1 68. Rh5 Rxe3 69. Rxh4 Ra3 70. Rg4 Ra1 71. Rg3 Rxf1 72. Rf3 Rc1 73. h4 Rxc4 74. Kg3 Rxa4 75. Kh3 Ra5 76. g3 Ke7 77. Kg4 Kf6 78. Re3 Ra3 79. Re5 Re3 80. h5 Ra3 81. Rg5 Ra7 82. Rg6+ Kf7 83. Rb6 Kg7 84. Kh4 Kh7 85. g4 Ra1 86. Kg5 Rh1 87. f5 Rb1 88. Rxb1 1-0


[Site "https://www.chess.com"]

[Event "Titled Tuesday Blitz August 17 2021"]
[White "Quparadze, Giga"]
[Black "Stoyanov, Tsvetan"]
[WhiteFideId "13602250"]
[BlackFideId "2917173"]
[WhiteElo "2658"]
[BlackElo "2191"]
[Result "1-0"]
[Round "08"]
[TimeControl "180+1"]
[Date "2021.08.17"]
[WhiteClock "0:01:57"]
[BlackClock "0:00:03"]

1. e4 c5 2. Nf3 d6 3. d4 cxd4 4. Nxd4 Nf6 5. Nc3 a6 6. g3 e5 7. Nde2 Be6 8. Bg2 Be7 9. O-O O-O 10. h3 b5 11. g4 b4 12. Nd5 Nxd5 13. exd5 Bc8 14. f4 Nd7 15. Be3 exf4 16. Nxf4 Ne5 17. Bd4 Bg5 18. Nd3 Nc4 19. Nxb4 Ne3 20. Bxe3 Bxe3+ 21. Kh1 h5 22. Nc6 Qg5 23. gxh5 f5 24. Nd4 f4 25. Ne6 Bxe6 26. dxe6 Rac8 27. Qg4 Qxg4 28. hxg4 Rxc2 29. Rad1 Rfc8 30. Be4 Rxb2 31. Rxd6 Kf8 32. Rd7 Rc4 33. Bg6 Rxa2 34. e7+ 1-0


[Site "https://www.chess.com"]

[Event "Titled Tuesday Blitz August 17 2021"]
[White "Rastbod, Ali"]
[Black "Demchenko, Anton"]
[WhiteFideId "12567477"]
[BlackFideId "4160258"]
[WhiteElo "2226"]
[BlackElo "2583"]
[Result "0-1"]
[Round "08"]
[TimeControl "180+1"]
[Date "2021.08.17"]
[WhiteClock "0:00:01"]
[BlackClock "0:00:17"]

1. c4 e5 2. Nc3 Nc6 3. Nf3 f5 4. d4 e4 5. Ng5 Bb4 6. Nh3 Nf6 7. Bd2 Nxd4 8. Nxe4 Bxd2+ 9. Qxd2 Ne6 10. Nxf6+ Qxf6 11. g3 d6 12. Bg2 Bd7 13. O-O O-O-O 14. Rac1 g5 15. Rc3 f4 16. Ra3 a6 17. Qa5 c6 18. Rd1 fxg3 19. fxg3 Rhf8 20. Rf3 Qxb2 21. Rb3 Qxe2 22. Re1 Qxc4 23. Kh1 Qc5 24. Qa4 g4 25. Ng1 Nd4 26. Rd3 Nb5 27. Qa5 Rde8 28. Red1 Rf2 29. a4 Qc2 0-1


[Site "https://www.chess.com"]

[Event "Titled Tuesday Blitz August 17 2021"]
[White "Real De Azua, Ernesto"]
[Black "Filippova, Margarita"]
[WhiteFideId "108154"]
[BlackFideId "34199680"]
[WhiteElo "2476"]
[BlackElo "1829"]
[Result "1-0"]
[Round "08"]
[TimeControl "180+1"]
[Date "2021.08.18"]
[WhiteClock "0:00:48"]
[BlackClock "0:01:20"]

1. e4 e5 2. Nf3 Nc6 3. Bc4 Bc5 4. d3 Nf6 5. c3 O-O 6. a4 d5 7. exd5 Nxd5 8. O-O Bg4 9. a5 Nf4 10. Bxf4 exf4 11. d4 Be7 12. Nbd2 a6 13. Re1 Bd6 14. Qb3 Rb8 15. Bd3 h6 16. Qc2 g5 17. Bf5 Bh5 18. b4 g4 19. Ne5 Bxe5 20. dxe5 Qg5 21. Ne4 Qh4 22. g3 Qh3 23. gxf4 Kg7 24. Re3 Qh4 25. Rae1 Rbd8 26. Ng3 Bg6 27. e6 Bxf5 28. Nxf5+ 1-0


[Site "https://www.chess.com"]

[Event "Titled Tuesday Blitz August 17 2021"]
[White "Ronka, Erik"]
[Black "Matinian, Nikita"]
[WhiteFideId "505080"]
[BlackFideId "24129100"]
[WhiteElo "2264"]
[BlackElo "2410"]
[Result "0-1"]
[Round "08"]
[TimeControl "180+1"]
[Date "2021.08.17"]
[WhiteClock "0:00:02"]
[BlackClock "0:00:46"]

1. d4 Nf6 2. c4 e6 3. Nc3 Bb4 4. a3 Bxc3+ 5. bxc3 d6 6. f3 Nbd7 7. e4 e5 8. Bd3 c5 9. Ne2 b6 10. O-O Ba6 11. f4 exd4 12. cxd4 cxd4 13. e5 dxe5 14. fxe5 Nxe5 15. Bg5 Bb7 16. Ng3 Qc7 17. Bxf6 gxf6 18. Bf5 Rg8 19. Ne4 Ke7 20. Qh5 Raf8 21. Qh4 Bxe4 22. Bxe4 Qd6 23. c5 bxc5 24. Rab1 Rg4 25. Rb7+ Kd8 26. Rxf6 Rxh4 27. Rxd6+ Kc8 28. Bd5 Rd8 29. Ra6 Rxd5 30. Raxa7 Rd7 0-1


[Site "https://www.chess.com"]

[Event "Titled Tuesday Blitz August 17 2021"]
[White "Rustemov, Alexander"]
[Black "Lamard, Guillaume"]
[WhiteFideId "4119002"]
[BlackFideId "600261"]
[WhiteElo "2692"]
[BlackElo "2387"]
[Result "1-0"]
[Round "08"]
[TimeControl "180+1"]
[Date "2021.08.17"]
[WhiteClock "0:01:00"]
[BlackClock "0:00:16"]

1. d4 d5 2. c4 c6 3. Nc3 Nf6 4. e3 e6 5. Nf3 Nbd7 6. Qc2 Bd6 7. Bd2 O-O 8. O-O-O b5 9. e4 b4 10. e5 bxc3 11. Bxc3 Be7 12. exf6 Nxf6 13. Ne5 Bb7 14. c5 Nd7 15. f4 Nxe5 16. fxe5 f5 17. exf6 Bxf6 18. Bd3 g6 19. Qe2 Qe7 20. Rde1 Rae8 21. Rhf1 Qg7 22. Qe3 Bc8 23. Kc2 Bd8 24. g3 Bc7 25. b4 Rxf1 26. Bxf1 Rf8 27. Bh3 Re8 28. a4 Bd7 29. Bf1 Qf6 30. Bd3 Rf8 31. b5 Qf2+ 32. Qxf2 Rxf2+ 33. Re2 Rxe2+ 34. Bxe2 Kf7 35. Bd2 Kf6 36. Be3 e5 37. b6 axb6 38. cxb6 Bd6 39. dxe5+ Bxe5 40. Bc5 Bf5+ 41. Bd3 1-0


[Site "https://www.chess.com"]

[Event "Titled Tuesday Blitz August 17 2021"]
[White "Sadovsky, Artem"]
[Black "Tanenbaum, Zachary"]
[WhiteFideId "4155840"]
[BlackFideId "2060850"]
[WhiteElo "2442"]
[BlackElo "2165"]
[Result "0-1"]
[Round "08"]
[TimeControl "180+1"]
[Date "2021.08.17"]
[WhiteClock "0:00:01"]
[BlackClock "0:00:06"]

1. f4 d5 2. Nf3 Nf6 3. g3 Bf5 4. Bg2 e6 5. O-O c5 6. d3 Nc6 7. Nbd2 d4 8. e4 dxe3 9. Nc4 Be7 10. Nxe3 Bg6 11. Ne5 Nxe5 12. fxe5 Nd5 13. Nxd5 exd5 14. c4 dxc4 15. Bxb7 cxd3 16. Qa4+ Kf8 17. Bxa8 Qxa8 18. Be3 h5 19. e6 h4 20. Qg4 hxg3 21. Qxg3 Kg8 22. Rae1 Bh4 23. exf7+ Bxf7 24. Qf4 Qd5 25. Bf2 Bf6 26. Qe4 Qg5+ 27. Bg3 Bd4+ 28. Rf2 Rh6 29. Qa8+ Kh7 30. Qe4+ Bg6 31. Qf3 d2 32. Rd1 Bxf2+ 33. Qxf2 Bh5 34. Rxd2 Rf6 35. Qe1 Bf3 36. Qb1+ g6 37. Rf2 Rf5 38. Qe1 Kh6 39. Qc3 Be4 40. Rxf5 Qxf5 41. Qe3+ Kh7 42. Bf2 Qg4+ 43. Kf1 Qd1+ 44. Be1 Qd5 45. b3 Qf5+ 46. Ke2 Qg4+ 47. Kd2 Kg8 48. Bf2 Qd7+ 49. Kc3 Qf5 50. Qxc5 Qf3+ 51. Qe3 Qf6+ 52. Qd4 Qc6+ 53. Kb2 Qc2+ 54. Ka3 a6 55. Qd8+ Kf7 56. Qd7+ Kg8 57. Qe8+ Kh7 58. Qf7+ Kh6 59. Be3+ Kh5 60. Qh7+ Kg4 61. Qd7+ Bf5 62. Qd4+ Be4 63. Qc5 Qd3 64. Qa7 Kf3 0-1


[Site "https://www.chess.com"]

[Event "Titled Tuesday Blitz August 17 2021"]
[White "Sarkar, Justin"]
[Black "Mirzanurov, Bulat"]
[WhiteFideId "2010011"]
[BlackFideId "4184521"]
[WhiteElo "2094"]
[BlackElo "2208"]
[Result "1-0"]
[Round "08"]
[TimeControl "180+1"]
[Date "2021.08.18"]
[WhiteClock "0:00:12"]
[BlackClock "0:00:02"]

1. e4 c5 2. Nf3 d6 3. d4 cxd4 4. Nxd4 Nf6 5. Nc3 a6 6. h4 e5 7. Nb3 Be6 8. f4 exf4 9. Bxf4 Nc6 10. Be2 Be7 11. Qd2 Ne5 12. O-O-O Qc7 13. Nd4 O-O-O 14. Nf5 Bxf5 15. exf5 Kb8 16. g4 Nc4 17. Qd4 Nb6 18. g5 Ne8 19. Be3 Nc8 20. Nd5 Qd7 21. f6 Bf8 22. Bg4 Qc6 23. Ne7 Bxe7 24. fxe7 Nxe7 25. Qa7+ Kc7 26. Rd3 Qxh1+ 27. Bg1 Rc8 28. Rc3+ Kd8 29. Bxc8 Nxc8 30. Qd4 1-0


[Site "https://www.chess.com"]

[Event "Titled Tuesday Blitz August 17 2021"]
[White "Shafigullina, Zarina"]
[Black "Sengupta, Deep"]
[WhiteFideId "24174220"]
[BlackFideId "5008352"]
[WhiteElo "2087"]
[BlackElo "2347"]
[Result "0-1"]
[Round "08"]
[TimeControl "180+1"]
[Date "2021.08.17"]
[WhiteClock "0:00:02"]
[BlackClock "0:00:09"]

1. d4 d5 2. Nf3 Nf6 3. g3 c6 4. Bg2 Bg4 5. O-O Nbd7 6. h3 Bxf3 7. Bxf3 e6 8. Nd2 Be7 9. e4 dxe4 10. Nxe4 O-O 11. c4 Nxe4 12. Bxe4 Nf6 13. Bg2 c5 14. d5 exd5 15. cxd5 Bd6 16. Be3 Re8 17. Qb3 b6 18. a4 Rb8 19. Rfc1 h6 20. Qd3 Qe7 21. Rc3 Nd7 22. a5 b5 23. b3 a6 24. Rac1 Qf6 25. h4 Ne5 26. Qd1 c4 27. Bd4 Bb4 28. f4 Bxc3 29. Bxc3 Qg6 30. Bxe5 Rbd8 31. bxc4 Qxg3 32. c5 f6 33. Bd4 Rxd5 34. c6 Kh8 35. c7 Rc8 36. Rc3 Rxd4 37. Qxd4 Qe1+ 38. Bf1 Kh7 39. Qd3+ Kg8 40. Qd5+ Kh7 41. Qd3+ Kg8 42. Qf3 Kh8 43. Re3 Qxh4 44. Qd5 f5 45. Qd7 Qg4+ 46. Bg2 Rg8 47. c8=Q Qxf4 0-1


[Site "https://www.chess.com"]

[Event "Titled Tuesday Blitz August 17 2021"]
[White "Shahaliyev, Ismayil"]
[Black "Shtyka, Sergey"]
[WhiteFideId "13406388"]
[BlackFideId "4138465"]
[WhiteElo "2105"]
[BlackElo "2064"]
[Result "1-0"]
[Round "08"]
[TimeControl "180+1"]
[Date "2021.08.17"]
[WhiteClock "0:00:48"]
[BlackClock "0:00:01"]

1. e4 c5 2. Nc3 Nc6 3. Nf3 g6 4. d4 cxd4 5. Nxd4 Bg7 6. Nxc6 bxc6 7. Bd3 d6 8. O-O Nf6 9. f4 O-O 10. Kh1 d5 11. e5 Nd7 12. Na4 f6 13. exf6 exf6 14. c4 Nb6 15. cxd5 Qxd5 16. Nc3 Qd8 17. Be3 f5 18. Qb3+ Kh8 19. Rad1 Qc7 20. Bc5 Re8 21. Rfe1 Bd7 22. Qf7 Nd5 23. Nxd5 cxd5 24. b4 a6 25. h3 Qb7 26. Bxa6 Rxe1+ 27. Rxe1 Qxa6 28. Qxd7 Qc8 29. Qxd5 1-0


[Site "https://www.chess.com"]

[Event "Titled Tuesday Blitz August 17 2021"]
[White "Shapiro, David"]
[Black "Ladan, Nicholas"]
[WhiteFideId "24133523"]
[BlackFideId "30918855"]
[WhiteElo "2234"]
[BlackElo "2370"]
[Result "1-0"]
[Round "08"]
[TimeControl "180+1"]
[Date "2021.08.17"]
[WhiteClock "0:02:10"]
[BlackClock "0:02:12"]

1. d4 d5 2. Nc3 Nf6 3. Bf4 a6 4. e3 c5 5. Nf3 Nc6 6. dxc5 e6 7. Na4 Bxc5 8. Nxc5 Qa5+ 9. c3 Qxc5 10. Bd3 O-O 11. O-O Re8 12. Ne5 Nd7 13. Bxh7+ Kxh7 14. Qh5+ Kg8 15. Qxf7+ Kh7 16. Qh5+ Kg8 17. Qxe8+ Kh7 18. Nxd7 Bxd7 19. Qxd7 e5 20. Qf5+ Kg8 21. Bxe5 Rf8 22. Qe6+ Rf7 23. Bd4 Qf8 24. Qxd5 Ne7 25. Qb3 Kh7 26. e4 Ng6 27. Rae1 Rf4 28. Re3 Nh4 29. Rg3 b5 30. Qd5 Qe8 31. Rxg7+ Kh6 32. Qg5# 1-0


[Site "https://www.chess.com"]

[Event "Titled Tuesday Blitz August 17 2021"]
[White "Shimanov, Aleksandr"]
[Black "Zhigalko, Sergei"]
[WhiteFideId "4198603"]
[BlackFideId "13502956"]
[WhiteElo "2596"]
[BlackElo "2662"]
[Result "0-1"]
[Round "08"]
[TimeControl "180+1"]
[Date "2021.08.17"]
[WhiteClock "0:00:03"]
[BlackClock "0:00:05"]

1. e4 c5 2. Nf3 Nc6 3. Nc3 Nf6 4. Bb5 Qc7 5. O-O Nd4 6. Re1 a6 7. Bf1 e5 8. Nd5 Nxd5 9. exd5 d6 10. c3 Nxf3+ 11. Qxf3 Be7 12. d4 O-O 13. Qg3 Bf6 14. dxe5 Bxe5 15. Bf4 f6 16. Bd3 Qf7 17. Qf3 Bd7 18. Bg3 Rae8 19. a4 Re7 20. a5 Rfe8 21. Kf1 Bxg3 22. hxg3 Re5 23. Rxe5 Rxe5 24. c4 Qe8 25. Qf4 Qh5 26. Kg1 Qe8 27. Qd2 g6 28. f3 Kg7 29. Kf2 Bf5 30. Bf1 g5 31. b4 Qc8 32. Ra2 h5 33. Rb2 h4 34. gxh4 gxh4 35. Qf4 cxb4 36. Qxh4 Qc5+ 37. Kg3 Bg6 38. Qf4 Rf5 39. Qd2 Rg5+ 40. Kh2 Rh5+ 41. Kg3 Qg1 0-1


[Site "https://www.chess.com"]

[Event "Titled Tuesday Blitz August 17 2021"]
[White "Shimelkov, Vasiliy"]
[Black "Eynullayev, Altay"]
[WhiteFideId "13701630"]
[BlackFideId "13413562"]
[WhiteElo "2073"]
[BlackElo "2079"]
[Result "1-0"]
[Round "08"]
[TimeControl "180+1"]
[Date "2021.08.17"]
[WhiteClock "0:01:15"]
[BlackClock "0:00:01"]

1. d4 Nf6 2. c4 e6 3. Nf3 b6 4. g3 Ba6 5. Qc2 Bb7 6. Bg2 c5 7. O-O cxd4 8. Nxd4 Bxg2 9. Kxg2 Be7 10. Rd1 O-O 11. e4 Qc7 12. Be3 Qb7 13. Nd2 Nc6 14. f3 Rac8 15. Rac1 Nxd4 16. Bxd4 d5 17. exd5 exd5 18. b3 Rfd8 19. Qf5 dxc4 20. Nxc4 b5 21. Bxf6 g6 22. Qg5 Bxf6 23. Qxf6 Rxd1 24. Rxd1 bxc4 25. bxc4 Qc7 26. Rd4 Re8 27. Kf1 Qc5 28. Qf4 1-0


[Site "https://www.chess.com"]

[Event "Titled Tuesday Blitz August 17 2021"]
[White "Shkapenko, Pavel"]
[Black "Krasilnikov, Evgeni"]
[WhiteFideId "4151933"]
[BlackFideId "4139739"]
[WhiteElo "2386"]
[BlackElo "2295"]
[Result "1/2-1/2"]
[Round "08"]
[TimeControl "180+1"]
[Date "2021.08.17"]
[WhiteClock "0:00:20"]
[BlackClock "0:00:22"]

1. e4 c6 2. d4 d5 3. e5 Bf5 4. h4 h6 5. g4 Bd7 6. h5 e6 7. c3 c5 8. Na3 Nc6 9. Nc2 Qb6 10. Nf3 cxd4 11. Ncxd4 Nxd4 12. cxd4 Bb4+ 13. Bd2 Bxd2+ 14. Qxd2 Ne7 15. O-O-O O-O-O 16. Kb1 Kb8 17. Be2 Bb5 18. Bxb5 Qxb5 19. Qf4 Rhf8 20. Rc1 Qd3+ 21. Ka1 Qe4 22. Qg3 Nc6 23. Rhe1 Qd3 24. Re3 Qb5 25. Rb3 Qa6 26. Qf4 Rc8 27. Qd2 Na5 28. Rbc3 Rxc3 29. Qxc3 Qc6 30. b3 Rc8 31. Kb2 Qxc3+ 32. Rxc3 Rxc3 33. Kxc3 Nc6 34. Nh4 Kc7 35. f4 b5 36. b4 a5 37. a3 axb4+ 38. axb4 Nd8 39. g5 Nc6 40. Nf3 Ne7 41. Nh4 Kc8 42. Kd3 Nc6 43. Kc3 Ne7 44. Kb3 Nc6 45. Kc3 Ne7 1/2-1/2


[Site "https://www.chess.com"]

[Event "Titled Tuesday Blitz August 17 2021"]
[White "Silva, Miguel Antonio Neto"]
[Black "Molina, Roberto Junio Brito"]
[WhiteFideId "1911929"]
[BlackFideId "2109450"]
[WhiteElo "2283"]
[BlackElo "2402"]
[Result "1/2-1/2"]
[Round "08"]
[TimeControl "180+1"]
[Date "2021.08.17"]
[WhiteClock "0:00:15"]
[BlackClock "0:00:24"]

1. Nf3 d5 2. g3 c6 3. Bg2 Bg4 4. O-O Nd7 5. c4 e6 6. d4 Ngf6 7. Nbd2 Be7 8. b3 O-O 9. Bb2 a5 10. a3 Bd6 11. Ne5 Bh5 12. Qe1 Qc7 13. Nxd7 Qxd7 14. e4 dxe4 15. Nxe4 Nxe4 16. Bxe4 Rfe8 17. Qe3 Qe7 18. Rfe1 Rac8 19. Bf3 Bxf3 20. Qxf3 Qd7 21. Rad1 b5 22. Qg4 Bf8 23. Rd3 bxc4 24. bxc4 Rc7 25. Bc3 a4 26. Qd1 Ra7 27. Bd2 Rb8 28. Be3 Ra6 29. Qc2 Qb7 30. Red1 Qb2 31. Qxb2 Rxb2 32. d5 cxd5 33. cxd5 exd5 34. Rxd5 Rb8 35. Rd8 Raa8 36. Rxb8 Rxb8 37. Rd4 Ra8 38. Rd3 f6 39. Kf1 Kf7 40. Ke2 Ke6 41. Kd2 Rb8 42. Kc2 h5 43. h3 Rb5 44. Rc3 Bd6 45. g4 h4 46. Rc4 Bxa3 47. Rxa4 Bd6 48. Kd3 Rb3+ 49. Ke4 g6 50. Kf3 g5 51. Re4+ Kf7 52. Ra4 Be5 53. Ke4 Kg6 54. Ra5 Rb4+ 55. Kf3 Rb3 56. Rd5 Ra3 57. Ke2 Kf7 58. Rd1 Ke6 59. Rb1 Kd5 60. Rb5+ Ke6 61. Rb6+ Kf7 62. Rb5 Bd6 63. Rd5 Ke6 64. Rd1 Ra4 65. Kf1 Bf4 66. Bxf4 Rxf4 67. Kg2 Re4 68. Rd3 Ke5 69. Rb3 Kf4 70. Rb5 Re5 71. Rb4+ Re4 72. Rb5 Re5 73. Rb4+ Re4 74. Rb5 1/2-1/2


[Site "https://www.chess.com"]

[Event "Titled Tuesday Blitz August 17 2021"]
[White "Siva Mahadevan"]
[Black "Aldokhin, Ivan"]
[WhiteFideId "25043153"]
[BlackFideId "24115720"]
[WhiteElo "2203"]
[BlackElo "2306"]
[Result "1-0"]
[Round "08"]
[TimeControl "180+1"]
[Date "2021.08.17"]
[WhiteClock "0:00:21"]
[BlackClock "0:00:01"]

1. e4 c5 2. Nf3 e6 3. d4 cxd4 4. Nxd4 a6 5. c4 Qc7 6. Nc3 Nf6 7. Be2 d6 8. O-O Be7 9. Be3 b6 10. Qd2 Bb7 11. f3 O-O 12. Rfc1 Nbd7 13. a4 Qb8 14. Bf1 Bd8 15. Kh1 Bc7 16. b4 d5 17. cxd5 exd5 18. exd5 Bxh2 19. Nc6 Qd6 20. g4 Bg3 21. g5 Nh5 22. Ne4 Qg6 23. Ne7+ Kh8 24. Nxg6+ fxg6 25. Rc7 Bxc7 26. Rc1 Bd8 27. Bh3 Ne5 28. f4 Nf3 29. Qd1 Re8 30. Rc4 Rxe4 31. Rxe4 Ng3+ 32. Kg2 Nxe4 33. Kxf3 Nc3 34. Qd3 Nxd5 35. Kg3 Bc7 36. Bg2 Nxf4 37. Bxf4 Bxf4+ 38. Kxf4 Bxg2 39. Qd6 Rg8 40. Qxb6 Rf8+ 41. Kg3 Bf1 42. Qd6 Kg8 43. b5 axb5 44. axb5 Bxb5 45. Qd5+ Kh8 46. Qxb5 Kg8 47. Qd5+ Kh8 48. Qd6 Rg8 49. Qe7 Ra8 50. Kf4 Rg8 51. Ke5 Ra8 52. Ke6 Rg8 53. Kf7 Ra8 54. Qc5 Rb8 55. Qe5 Rb7+ 56. Kf8 h6 57. gxh6 Kh7 58. hxg7 Rxg7 59. Qxg7# 1-0


[Site "https://www.chess.com"]

[Event "Titled Tuesday Blitz August 17 2021"]
[White "Sokolin, Leonid"]
[Black "Steinberg, Nitzan"]
[WhiteFideId "2009161"]
[BlackFideId "2801795"]
[WhiteElo "2394"]
[BlackElo "2440"]
[Result "0-1"]
[Round "08"]
[TimeControl "180+1"]
[Date "2021.08.17"]
[WhiteClock "0:00:02"]
[BlackClock "0:00:02"]

1. e4 c5 2. Nf3 d6 3. Bb5+ Nc6 4. O-O Bd7 5. Re1 a6 6. Bc4 e6 7. c3 Nf6 8. d4 b5 9. Bf1 d5 10. exd5 Nxd5 11. Bg5 Be7 12. Bxe7 Qxe7 13. a4 Rb8 14. axb5 axb5 15. dxc5 Qxc5 16. Nbd2 O-O 17. Ne4 Qe7 18. Qc2 h6 19. Rad1 Qd8 20. Ng3 Bc8 21. Bd3 Bb7 22. Bh7+ Kh8 23. Be4 Qc7 24. Bxd5 exd5 25. Nf5 Rbe8 26. Qd2 Re6 27. N5d4 Nxd4 28. Nxd4 Rxe1+ 29. Rxe1 Qd7 30. Qe3 Ra8 31. h3 Ra2 32. Qe8+ Qxe8 33. Rxe8+ Kh7 34. Rb8 Ba6 35. Ra8 Ra4 36. b4 Bb7 37. Rb8 Ba6 38. g4 Kg6 39. h4 Kf6 40. Kg2 Ke5 41. Kg3 Ra3 42. Re8+ Kd6 43. Re3 g6 44. h5 Ra1 45. hxg6 fxg6 46. Re6+ Kd7 47. Rxg6 Ra3 48. Rc6 Bc8 49. Rc5 Bb7 50. Nxb5 Ra2 51. Nd4 Kd6 52. Rb5 Ba6 53. Rb6+ Kc7 54. Rxh6 Bd3 55. Rc6+ Kd7 56. Kf4 Bc4 57. f3 Ra3 58. Rf6 Rxc3 59. g5 Rd3 60. Ke5 Re3+ 61. Kf4 Rd3 62. Nf5 Rb3 63. g6 Rxb4 64. Ke5 d4 65. Rd6+ Kc7 66. Rxd4 Rb5+ 67. Kf6 Rb6+ 68. Kg5 Be6 69. g7 Rb5 70. Rf4 Kd7 71. Kf6 Rb6 72. Rd4+ Kc7 73. Ne7 Bb3+ 74. Kg5 Rb5+ 75. Kh6 Rb6+ 76. Kh7 Bc2+ 77. Re4 Re6 78. g8=Q Rxe7+ 0-1


[Site "https://www.chess.com"]

[Event "Titled Tuesday Blitz August 17 2021"]
[White "Solon, Nathan"]
[Black "Lashkin, Jegor"]
[WhiteFideId "2017229"]
[BlackFideId "13907808"]
[WhiteElo "2685"]
[BlackElo "2293"]
[Result "0-1"]
[Round "08"]
[TimeControl "180+1"]
[Date "2021.08.17"]
[WhiteClock "0:00:02"]
[BlackClock "0:00:03"]

1. d4 Nf6 2. c4 e6 3. g3 d5 4. Bg2 dxc4 5. Nf3 a6 6. O-O Nc6 7. Nbd2 b5 8. b3 c3 9. Nb1 b4 10. a3 Rb8 11. axb4 Bxb4 12. Qd3 O-O 13. Nxc3 e5 14. Be3 exd4 15. Nxd4 Ne5 16. Qc2 Nfg4 17. Nd5 Nxe3 18. fxe3 Bd6 19. Be4 Kh8 20. Rac1 Bh3 21. Rfd1 Qg5 22. Nf3 Nxf3+ 23. exf3 Rbe8 24. f4 Qh5 25. Bg2 Bg4 26. Rd4 Re6 27. e4 c6 28. Ne3 Bb8 29. Kh1 Ba7 30. Rd3 Be2 31. Rc3 Bd4 32. Nf5 Bxc3 33. Qxc3 Qg6 34. Qd4 Qf6 35. Qf2 Bb5 36. h4 g6 37. Nd4 Ree8 38. e5 Qe7 39. Bxc6 Rc8 40. Qe3 f6 41. e6 Rfd8 42. Bxb5 Rxc1+ 43. Qxc1 axb5 44. Nc6 Qb7 45. Kh2 Re8 46. e7 Kg7 47. Qc5 h5 48. Qd6 Qc8 49. Nd4 Qb7 50. f5 Qxe7 51. Qc5 Qxc5 52. Ne6+ Rxe6 53. fxe6 Qe7 0-1


[Site "https://www.chess.com"]

[Event "Titled Tuesday Blitz August 17 2021"]
[White "Svane, Rasmus"]
[Black "Drygalov, Sergey"]
[WhiteFideId "4657101"]
[BlackFideId "24171743"]
[WhiteElo "2669"]
[BlackElo "2514"]
[Result "1-0"]
[Round "08"]
[TimeControl "180+1"]
[Date "2021.08.17"]
[WhiteClock "0:00:11"]
[BlackClock "0:00:04"]

1. Nf3 Nf6 2. g3 g6 3. Bg2 Bg7 4. O-O O-O 5. d4 d5 6. c3 c6 7. Re1 a5 8. a4 Bf5 9. Nbd2 Ne4 10. Nh4 Nxd2 11. Bxd2 Be6 12. e4 dxe4 13. Bxe4 Nd7 14. Bg2 Qb6 15. Qc2 Rad8 16. Be3 Bd5 17. Bxd5 cxd5 18. Nf3 Rc8 19. Kg2 e6 20. Bf4 Bxd4 21. Nxd4 Qxd4 22. Qe2 Qf6 23. h4 Rfe8 24. Bg5 Qg7 25. Rad1 Nc5 26. Qb5 b6 27. Qxb6 Nxa4 28. Qb5 Nc5 29. Qxa5 Ne4 30. Be3 Rb8 31. Rb1 Rb7 32. Bd4 Qf8 33. Qa6 Reb8 34. b4 Qc8 35. Qd3 Ra8 36. h5 Ra2 37. hxg6 fxg6 38. Ra1 Rxa1 39. Rxa1 Rf7 40. Ra2 h5 41. Re2 Kh7 42. b5 Ng5 43. Re5 Rf5 44. Rxf5 gxf5 45. Qe3 Kg6 46. Qe5 Qf8 47. b6 Qe7 48. b7 Qxb7 49. Qf6+ Kh7 50. Qxg5 Qf7 51. f4 h4 52. Qxh4+ Kg8 53. Qd8+ Kh7 54. Qg5 Qd7 55. Qh5+ Kg8 56. Qg6+ Kf8 57. Bc5+ 1-0


[Site "https://www.chess.com"]

[Event "Titled Tuesday Blitz August 17 2021"]
[White "Taichman, Ori"]
[Black "Ibrahimli, Murad"]
[WhiteFideId "2804069"]
[BlackFideId "13410229"]
[WhiteElo "2227"]
[BlackElo "2109"]
[Result "1-0"]
[Round "08"]
[TimeControl "180+1"]
[Date "2021.08.17"]
[WhiteClock "0:02:47"]
[BlackClock "0:02:30"]

1. e4 c6 2. d4 d5 3. e5 Bf5 4. h4 h5 5. Bd3 Bxd3 6. Qxd3 e6 7. Bg5 Qb6 8. Nd2 Qa6 9. c4 Nd7 10. b3 Nh6 11. Ngf3 Nf5 12. O-O Be7 13. Bxe7 Nxe7 14. a4 b6 15. b4 dxc4 16. Nxc4 Nf5 17. Nd6+ 1-0


[Site "https://www.chess.com"]

[Event "Titled Tuesday Blitz August 17 2021"]
[White "Tania, Sachdev"]
[Black "Kononenko, Dmitry"]
[WhiteFideId "5007844"]
[BlackFideId "14113538"]
[WhiteElo "2280"]
[BlackElo "2276"]
[Result "0-1"]
[Round "08"]
[TimeControl "180+1"]
[Date "2021.08.17"]
[WhiteClock "0:00:26"]
[BlackClock "0:00:14"]

1. d4 d5 2. c4 c6 3. Nf3 Nf6 4. Nc3 e6 5. g3 Nbd7 6. Bg2 Bd6 7. O-O O-O 8. Qd3 dxc4 9. Qxc4 e5 10. Rd1 Qe7 11. Bg5 h6 12. dxe5 Nxe5 13. Nxe5 Bxe5 14. Bxf6 Bxf6 15. Rac1 Be6 16. Qa4 a6 17. b3 Rad8 18. Ne4 Bb2 19. Rb1 Rxd1+ 20. Rxd1 Rd8 21. Rb1 Bd4 22. e3 Bb6 23. Rc1 Bf5 24. Qc4 Bg6 25. h4 Kh7 26. b4 Bxe4 27. Bxe4+ g6 28. h5 Kg7 29. hxg6 fxg6 30. a4 Qf6 31. Rc2 Rd1+ 32. Kg2 Qa1 33. Qe6 Qf6 34. Qd7+ Rxd7 0-1


[Site "https://www.chess.com"]

[Event "Titled Tuesday Blitz August 17 2021"]
[White "Tari, Aryan"]
[Black "Sonis, Francesco"]
[WhiteFideId "1510045"]
[BlackFideId "895733"]
[WhiteElo "2656"]
[BlackElo "2373"]
[Result "0-1"]
[Round "08"]
[TimeControl "180+1"]
[Date "2021.08.17"]
[WhiteClock "0:00:08"]
[BlackClock "0:00:37"]

1. b3 e5 2. Bb2 Nc6 3. e3 d5 4. Bb5 Ne7 5. Nf3 f6 6. d4 e4 7. Nfd2 a6 8. Be2 f5 9. c4 g6 10. h4 h5 11. g3 Bg7 12. Nc3 Be6 13. Ba3 Qd7 14. Rc1 Kf7 15. Na4 b6 16. Qc2 Rhc8 17. cxd5 Bxd5 18. Nc3 Nd8 19. Nc4 Be6 20. Bxe7 Qxe7 21. d5 Bd7 22. Rd1 Nb7 23. Kf1 Nd6 24. Kg2 Kg8 25. Nb1 Kh7 26. a4 Qe8 27. Rc1 b5 28. Na5 bxa4 29. Nc6 Bxc6 30. dxc6 axb3 31. Qxb3 a5 32. Na3 a4 33. Qa2 Rcb8 34. Rc2 Rb3 35. Nc4 Nxc4 36. Bxc4 Rb4 37. Rd1 Qe5 38. Rd5 Qf6 39. Rd7 a3 40. Rf7 Qe5 41. Rd2 Rb2 42. Qa1 Kh6 43. Rdd7 Rxf2+ 0-1


[Site "https://www.chess.com"]